 Dungeon Crawl Stone Soup version 0.18-a0-921-g28655ce (webtiles) character file.

585 Duffy the Magician (level 7, -11/36 HPs)
             Began as a Deep Elf Air Elementalist on Dec 27, 2015.
             Was an Initiate of Ashenzari.
             Killed by divine providence
             ... invoked by an orc priest
              (15 damage)
             ... on level 4 of the Dungeon.
             The game lasted 00:06:40 (4359 turns).

Duffy the Magician (Deep Elf Air Elementalist)      Turns: 4359, Time: 00:06:40

Health: -11/36     AC:  6    Str:  5    XL:     7   Next: 15%
Magic:  15/19      EV: 13    Int: 21    God:    Ashenzari [......]
Gold:   147        SH:  0    Dex: 16    Spells: 4 memorised, 9 levels left

rFire  . . .     SeeInvis +     (no weapon)
rCold  . . .     Gourm    .     a - +0 robe
rNeg   . . .     Faith    .     (no shield)
rPois  .         Spirit   .     u - +1 helmet {SInv} (curse)
rElec  .         Dismiss  .     (no cloak)
rCorr  .         Reflect  .     y - +1 pair of gloves (curse)
SustAt .         Harm     .     (no boots)
MR     .....                    (no amulet)
Stlth  ++........               (no ring)
                                (no ring)

@: repel missiles, not resistant to hostile enchantments, unstealthy
A: no striking features
a: Renounce Religion


You were on level 4 of the Dungeon.
You worshipped Ashenzari.
Ashenzari was noncommittal.
You were not hungry.

You visited 1 branch of the dungeon, and saw 4 of its levels.

You collected 147 gold pieces.


   Skills:
 - Level 2.4 Dodging
 - Level 2.4 Stealth
 + Level 6.8 Spellcasting
 + Level 5.0 Conjurations
 * Level 4.9 Air Magic


You had 9 spell levels left.
You knew the following spells:

 Your Spells              Type           Power        Failure   Level  Hunger
a - Shock                 Conj/Air       ####         1%          1    None
l - Lightning Bolt        Conj/Air       ####......   34%         5    #####..
w - Swiftness             Chrm/Air       ###.....     6%          2    None
M - Repel Missiles        Chrm/Air       ###...       6%          2    None

Inventory:

Missiles
 s - 43 poisoned needles
Armour
 a - a +0 robe (worn)
 u - a cursed +1 helmet of see invisible (worn)
 y - a cursed +1 pair of gloves (worn)
 B - a +0 buckler
Wands
 w - a wand of enslavement (9/24)
Scrolls
 e - 2 scrolls of amnesia
 f - 3 scrolls of remove curse
 g - 2 scrolls of identify
 j - a scroll of enchant armour
 k - a scroll of enchant weapon {unknown}
 l - a scroll of fog
 q - a scroll of immolation {unknown}
 t - a scroll of random uselessness {unknown}
 v - a scroll of curse armour
 x - a scroll of teleportation {unknown}
 A - 2 scrolls of noise {unknown}
 C - a scroll of fear {unknown}
Potions
 i - a potion of heal wounds {unknown}
 m - a potion of agility {unknown}
 n - a potion of curing
 p - a potion of lignification {unknown}
 r - a potion of cure mutation
 z - a potion of degeneration {unknown}
Books
 b - a book of Air
Comestibles
 c - 5 bread rations
 d - 2 meat rations
 h - 2 beef jerkies
 o - 4 fruits

Dungeon Overview and Level Annotations

Branches:
Dungeon (4/15)
 Temple: D:4-7

Altars:
Ashenzari
Cheibriados
Dithmenos
Fedhas
Nemelex Xobeh
Pakellas
Ru
Sif Muna

Annotations:
D:3 Sigmund


Message History

Ashenzari preserves the curse.
Read which item? (? for menu, Esc to quit)
As you read the scroll labeled TISHOT IBUOGG, it crumbles to dust.
The scroll dissolves into smoke.
It was a scroll of fog.
Cast which spell? (? or * to list)
Aiming: Shock
Press: ? - help, Shift-Dir - straight line, f/p - orc wizard
Aim: an orc wizard, wielding a dagger and wearing a robe (blue smoke, lightly wounded)
The zap hits the orc wizard.
The orc wizard is moderately wounded.
The orc wizard hits you with a dagger.
Cast which spell? (? or * to list)
Aiming: Shock
Press: ? - help, Shift-Dir - straight line, f/p - orc wizard
Aim: an orc wizard, wielding a dagger and wearing a robe (blue smoke, moderately wounded)
The zap hits the orc wizard.
The orc wizard is almost dead.
The orc wizard gestures wildly while chanting.
The orc wizard seems to speed up.
Cast which spell? (? or * to list)
Aiming: Shock
Press: ? - help, Shift-Dir - straight line, f/p - orc wizard
Aim: an orc wizard, wielding a dagger and wearing a robe (blue smoke, almost dead, fast)
The zap hits the orc wizard.
You kill the orc wizard!
Your Conjurations skill increases to level 5!
Cast which spell? (? or * to list)
Aiming: Shock
Press: ? - help, Shift-Dir - straight line, f - orc priest
Aim: an orc priest, wielding a whip (blue smoke)
The zap hits the orc priest.
The orc priest is moderately wounded.
The orc priest invokes the aid of Beogh against you.
Something smites you!
You die...

......###.##..# .#
.. ####### #..#..#
.##. ######
##.#..####+##...
.....#
###....#.......#
.....#
#......#......#
.....#
#.##._.......#
.....#
#......00.0.#.._..#
.....#
#####.#o0o0#.......#
.....#
#..0#@###########
....>#
##..#000...~.....
######
#..#....0.0...#
##.###+.0~~~~.##
#o.##....~.0..#
#..##....~....#
####...#+#.......#
######
..................#
.....#
##.....[..........#


You could see 2 orc priests.

Action                   |  1- 3 |  4- 6 |  7- 9 || total
-------------------------+-------+-------+-------++-------
 Cast: Shock             |   121 |   114 |    17 ||   252
       Repel Missiles    |       |     1 |       ||     1
  Use: Scroll            |       |     2 |     3 ||     5
       Potion            |       |       |     2 ||     2
  Eat: Chunk             |     4 |     5 |     1 ||    10

Notes
Turn   | Place    | Note
--------------------------------------------------------------
     0 | D:1      | Duffy the Deep Elf Air Elementalist began the quest for the Orb.
     0 | D:1      | Reached XP level 1. HP: 10/10 MP: 6/6
   367 | D:1      | Reached XP level 2. HP: 15/15 MP: 0/8
   495 | D:1      | Reached skill level 2 in Conjurations
   673 | D:1      | Found a shattered altar of Ashenzari.
   684 | D:1      | Became a worshipper of Ashenzari the Shackled
   726 | D:1      | Reached skill level 4 in Spellcasting
   982 | D:2      | Reached XP level 3. HP: 19/19 MP: 7/10
  1930 | D:2      | Found a blossoming altar of Fedhas.
  2298 | D:3      | Noticed Jessica
  2303 | D:3      | Noticed Robin
  2346 | D:3      | Reached XP level 4. HP: 21/24 MP: 7/12
  2375 | D:3      | Killed Robin
  2375 | D:3      | Reached skill level 5 in Spellcasting
  2472 | D:3      | Reached skill level 3 in Conjurations
  2547 | D:3      | Killed Jessica
  2680 | D:3      | Found a sacrificial altar of Ru.
  2788 | D:3      | Found a sacrificial altar of Ru.
  3071 | D:3      | Reached XP level 5. HP: 28/28 MP: 11/15
  3206 | D:3      | Found a deep blue altar of Sif Muna.
  3356 | D:3      | Noticed Sigmund
  3361 | D:3      | Learned a level 2 spell: Repel Missiles
  3364 | D:3      | Learned a level 2 spell: Swiftness
  3370 | D:3      | Learned a level 5 spell: Lightning Bolt
  3604 | D:4      | Noticed an ogre
  3617 | D:4      | Reached skill level 6 in Spellcasting
  3617 | D:4      | Reached skill level 4 in Conjurations
  3645 | D:4      | Found a shadowy altar of Dithmenos.
  3650 | D:4      | Killed an ogre
  3650 | D:4      | Reached XP level 6. HP: 32/32 MP: 12/17
  3698 | D:4      | Reached skill level 4 in Air Magic
  4029 | D:4      | Reached XP level 7. HP: 36/36 MP: 11/19
  4091 | D:4      | Found a sparkling altar of Nemelex Xobeh.
  4218 | D:4      | Found a snail-covered altar of Cheibriados.
  4251 | D:4      | Found an oddly glowing altar of Pakellas.
  4358 | D:4      | Reached skill level 5 in Conjurations
  4359 | D:4      | Killed from afar by an orc priest

Vault maps used:
D:1:      co_arrival_square_in_a_square_in_a_square, ashenzari_altar_1
D:2:      fedhas_altar_4
D:3:      nicolae_overflow_crystal_walls, lemuel_round_altar, first_bread,
          nicolae_ru_the_path_less_chosen, uniq_jessica, uniq_sigmund,
          uniq_robin
D:4:      grunt_pakellas_sulfur, overflow_temple_1_default, marbit_many_paths,
          nicolae_overflow_hidden_temple, minmay_temple_entry_fiery,
          grunt_dithmenos_smoke

Vanquished Creatures
  2 ogres
  A phantom
  A giant frog skeleton Jessica
  An orc wizard
  2 worker ants Robin
  6 adders
  3 gnolls
  An ooze
  A worm
  6 giant geckos
  4 orcs
  A ball python
  7 bats
  12 hobgoblins
  6 jackals
  2 quokkas
  7 giant cockroaches
  3 giant newts
  13 goblins
  8 kobolds
  6 rats
95 creatures vanquished.
